 Dungeon Crawl Stone Soup version 0.30-a0-137-gd8773701ce (webtiles) character file.

Game seed: 1577229507831899816

112 zishaf the Sneak (level 4, 0/23 HPs)
             Began as a Vine Stalker Brigand on Sept 23, 2022.
             Slain by a rat (2 damage)
             ... on level 3 of the Dungeon.
             The game lasted 00:04:08 (3040 turns).

zishaf the Sneak (Vine Stalker Brigand)             Turns: 3040, Time: 00:04:09

Health: 0/23       AC:  4    Str: 14    XL:     4   Next: 93%
Magic:  0/5        EV: 12    Int: 11    God:
Gold:   77         SH:  0    Dex: 17    Spells: 3/3 levels left

rFire   . . .      SeeInvis .    a - +2 dagger
rCold   . . .      Faith    .    (no shield)
rNeg    . . .      Spirit   +    b - +0 robe
rPois   .          Reflect  .    (no helmet)
rElec   .          Harm     .    c - +0 cloak
rCorr   .          Rampage  .    i - +0 pair of gloves
Will    .....                    (no boots)
Stlth   +++.......               (no amulet)
HPRegen 0.87/turn                (no ring)
MPRegen 0.09/turn                (no ring)

@: no status effects
A: fangs 2, regeneration 1, magic shield, antimagic bite, no potion heal 2
a: no special abilities


You were on level 3 of the Dungeon.
You visited 1 branch of the dungeon, and saw 3 of its levels.
You also visited: Sewer.

You collected 77 gold pieces.

Inventory:

Hand Weapons
 a - a +2 dagger (weapon)
 v - a +0 dagger of venom
Missiles
 d - 9 poisoned darts (quivered)
 e - 3 curare-tipped darts
 j - a throwing net
 l - 4 javelins
 p - 4 boomerangs
Armour
 b - a +0 robe (worn)
 c - a +0 cloak (worn)
 i - a +0 pair of gloves (worn)
 x - a +0 pair of boots
Wands
 o - a wand of digging (7)
Scrolls
 f - 5 scrolls of identify {unknown}
 h - a scroll of amnesia {unknown}
 k - 3 scrolls of vulnerability {unknown}
 m - a scroll of fog {unknown}
 n - a scroll of silence {unknown}
 q - a scroll of enchant armour {unknown}
 t - a scroll of noise {unknown}
 w - a scroll of brand weapon {unknown}
 y - 2 scrolls of acquirement {unknown}
 B - a scroll of torment {unknown}
Potions
 g - a potion of curing
 r - a potion of lignification {unknown}
 s - 2 potions of magic {unknown}
 u - a potion of haste {unknown}
 z - a potion of mutation {unknown}
 A - a potion of resistance {unknown}
 C - a potion of brilliance {unknown}


   Skills:
 + Level 2.7 Fighting
 + Level 2.7 Short Blades
 + Level 2.7 Throwing
 - Level 1.0 Dodging
 - Level 5.0 Stealth
 + Level 1.1 Evocations


You had 3 spell levels left.
You didn't know any spells.
Your spell library contained the following spells:

 Spells                   Type           Power      Damage    Failure   Level
 Necrotise                Necr           0%         1d4       34%         1
 Vampiric Draining        Necr           0%         2d6       71%         3
 Agony                    Necr           0%         N/A       100%        5


Dungeon Overview and Level Annotations

Branches:
Dungeon (3/15)              Sewer (visited)

Altars:
Fedhas
Ru
The Shining One


Innate Abilities, Weirdness & Mutations

You have extremely sharp teeth.
Your natural rate of healing is unusually fast.
When hurt, damage is shared between your health and your magic reserves.
Your bite disrupts and absorbs the magic of your enemies.
Potions cannot restore your health.


Message History

You completely miss the rat. The rat barely misses you.
The ball python bites you but does no damage.
The ball python barely misses you.
You hit the ball python.
You kill the ball python!
The river rat barely misses you. The rat barely misses you.
You barely miss the rat. Your bite misses the rat.
The river rat bites you but does no damage.
The rat splashes around in the water.
The rat closely misses you.
You closely miss the rat. You bite the rat. You drain its power.
You feel invigorated.
The rat is heavily wounded.
The river rat bites you. The rat barely misses you. The rat bites you.
You hit the rat.
You kill the rat!
The river rat closely misses you. The rat bites you.
You hit the worm. You bite the worm. You drain its power.
You feel invigorated.
The worm is moderately wounded.
The river rat bites you.
You barely miss the worm. Your bite misses the worm.
The worm is moderately wounded.
The rat barely misses you.
The river rat bites you but does no damage.
You hit the worm. You punch the worm, but do no damage.
The worm is heavily wounded.
The rat bites you but does no damage. The worm bites you.
The river rat barely misses you.
You hit the worm. You bite the worm. You drain its power.
You feel invigorated.
The worm is severely wounded.
The rat barely misses you.
You hit the worm. You bite the worm. You drain its power.
You feel invigorated.
The worm is almost dead.
The river rat barely misses you. The rat closely misses you.
The worm bites you!
You hit the worm.
You kill the worm!
The river rat bites you!
* * * LOW HITPOINT WARNING * * *
The rat bites you.
You die...

#.######.##########
#.######..#
#.........#
#~.~......#
#.~~.~...##
#~~~~~~..#
#####~~..#
#~~†#~~~.#
#~@r'~~~.#
#~†r'~...#
##########


You could see a river rat and a rat.

Vanquished Creatures
  6 adders
  A river rat (Sewer)
  2 worms
  4 ball pythons
  2 endoplasms
  2 giant cockroaches
  2 goblins
  2 hobgoblins
  3 quokkas
  A bat (D:1)
  14 frilled lizards
  6 kobolds
  11 rats
56 creatures vanquished.

Vanquished Creatures (others)
  A plant (D:3)
1 creature vanquished.

Grand Total: 57 creatures vanquished

Notes
Turn   | Place    | Note
-------+----------+-------------------------------------------
     0 | D:1      | zishaf the Vine Stalker Brigand began the quest for the
                  | Orb.
     0 | D:1      | Reached XP level 1. HP: 11/11 MP: 2/2
   331 | D:1      | Found a faded altar of an unknown god.
   693 | D:1      | Reached skill level 1 in Dodging
   693 | D:1      | Reached XP level 2. HP: 14/15 MP: 3/3
   727 | D:1      | Reached skill level 5 in Stealth
  1382 | D:2      | Reached XP level 3. HP: 2/18 MP: 1/4
  2074 | D:3      | Found a glowing golden altar of the Shining One.
  2103 | D:3      | Found a blossoming altar of Fedhas.
  2138 | D:3      | Found a sacrificial altar of Ru.
  2270 | D:3      | Found a glowing drain.
  2276 | Sewer    | Entered a sewer
  2694 | Sewer    | Gained mutation: Your natural rate of healing is unusually
                  | fast. [Vine Stalker growth]
  2694 | Sewer    | Reached XP level 4. HP: 23/23 MP: 5/5
  2866 | Sewer    | Reached skill level 1 in Evocations
  3040 | D:3      | Slain by a rat

Illustrated notes

Levels and vault maps discovered:
D:1:      co_arrival_random_square_maze, layout_basic,
          shapermc_ecumenical_altar_mp_ritualfount
D:2:      cheibrodos_old_hovel, layout_rooms, serial_bayou_crossing
D:3:      layout_loops_ring, fedhas_altar_3, mainiacjoe_overflow_chevrons,
          hangedman_ru_absence, portal_sewer_entry_e

Skill      XL: |  1  2  3  4 |
---------------+-------------+-----
Dodging        | 1 |  1.0
Fighting       | 2 |  2.7
Throwing       | 2 |  2.7
Stealth        | 5 |  5.0
Short Blades   | 2 |  2.7
Evocations     | 1 |  1.1

Action                   |  1- 3 |  4- 6 || total
-------------------------+-------+-------++-------
Melee: Dagger            |    83 |    62 ||   145
       Bite              |    19 |    10 ||    29
       Punch             |     3 |     3 ||     6
  Use: Potion            |     1 |       ||     1
 Stab: Sleeping          |    10 |     7 ||    17
Armor: Robe              |    17 |    24 ||    41
Dodge: Dodged            |    48 |    46 ||    94

Table legend: (Time is in decaauts)
 A = Elapsed time spent in this place.
 B = Non-inter-level travel time spent in this place.
 C = Inter-level travel time spent in this place.
 D = Time resting spent in this place.
 E = Time spent auto-exploring this place.
 F = Levels seen in this place.
 G = Mean time per level.
                   A        B        C        D        E       F      G
               +--------+--------+--------+--------+--------+-----+--------+
         Total |   3075 |   3031 |     44 |    384 |   1859 |   4 |  768.8 |
       Dungeon |   2289 |   2245 |     44 |      0 |   1661 |   3 |  763.0 |
         Sewer |    785 |    785 |      0 |    384 |    198 |   1 |  785.0 |
               +--------+--------+--------+--------+--------+-----+--------+

Top non-repeatable levels by time:
     D:2: 945 daAuts
     D:1: 921 daAuts
   Sewer: 785 daAuts
     D:3: 422 daAuts
